[ PARTIDA AOE2 · #506928548 ]
UnrankedArmenios vs Sicilians
Equipo del jugador · VICT
Equipo rival · DERR
[ ANÁLISIS DE REPETICIÓN · EXTRAÍDO DE LA PARTIDA GRABADA ]
Feudal
9:17
Castillos
—
Imperial
—
| APM promedio | 69.6 |
| APM pico | 102 |
| eAPM promedio | 31.2 |
| Aldeanos / militares | 45 / 24 |
Foco
⚔️ 47.2% · 🌾 52.8%
Militia ×24
Feudal
9:38
Castillos
—
Imperial
—
| APM promedio | 33.8 |
| APM pico | 77 |
| eAPM promedio | 13.6 |
| Aldeanos / militares | 29 / 8 |
Foco
⚔️ 26.7% · 🌾 73.3%
Serjeant ×8
Mapa de la partida
Recursos iniciales + cada clic de construcción. Líneas = muros · curvas = relieve. ◆ oro · ⬟ piedra · ● bayas · ✦ reliquia · ◌ hueco del cierre
Tu base· Abierta — hueco de 4t
Base de 207· ✓ Cerrada en 12:00 · 11t muro · 1 puerta(s)
Terreno inicial suavizado · ◌ = hueco del cierre detectado · pasá el cursor para detalles
Inputs por minuto
— YTPRO - - 207
Build order — YTPRO
126 acciones detectadas en el replay
| 0:02 | Crear | Villager (Male) |
| 0:02 | Crear | Villager (Male) |
| 0:03 | Construir | House |
| 0:04 | Construir | House |
| 0:07 | Crear | Villager (Male) |
| 0:07 | Crear | Villager (Male) |
| 1:32 | Crear | Villager (Male) |
| 1:32 | Crear | Villager (Male) |
| 1:52 | Crear | Villager (Male) |
| 1:52 | Crear | Villager (Male) |
| 2:12 | Construir | Mule Cart |
| 2:32 | Crear | Villager (Male) |
| 2:32 | Crear | Villager (Male) |
| 3:09 | Crear | Villager (Male) |
| 3:32 | Crear | Villager (Male) |
| 3:49 | Construir | House |
| 4:08 | Crear | Villager (Male) |
| 4:08 | Crear | Villager (Male) |
| 4:08 | Crear | Villager (Male) |
| 4:28 | Construir | Barracks |
| 4:38 | Crear | Villager (Male) |
| 4:45 | Crear | Villager (Male) |
| 4:55 | Crear | Villager (Male) |
| 5:24 | Construir | House |
| 5:27 | Crear | Militia |
| 5:27 | Crear | Militia |
| 6:01 | Construir | Mule Cart |
| 6:09 | Construir | House |
| 6:15 | Crear | Villager (Male) |
| 6:15 | Investigar | Loom |
| 6:45 | Construir | Palisade Wall |
| 6:47 | Construir | Palisade Wall |
| 6:48 | Construir | Palisade Wall |
| 6:49 | Construir | Palisade Wall |
| 6:49 | Construir | Palisade Wall |
| 6:54 | Investigar | Feudal Age |
| 6:54 | Investigar | Feudal Age |
| 6:57 | Crear | Militia |
| 6:57 | Crear | Militia |
| 7:19 | Crear | Militia |
| 7:19 | Crear | Militia |
| 7:41 | Crear | Militia |
| 7:42 | Crear | Militia |
| 7:56 | Crear | Militia |
| 8:08 | Construir | Mill |
| 8:13 | Construir | Mill |
| 8:25 | Crear | Militia |
| 9:14 | Crear | Villager (Male) |
| 9:17 | Edad | Edad Feudal |
| 9:29 | Investigar | Man-at-Arms (upgrade) |
| 9:29 | Investigar | Man-at-Arms (upgrade) |
| 9:42 | Crear | Villager (Male) |
| 9:44 | Construir | Farm |
| 9:45 | Construir | Farm |
| 9:45 | Construir | Farm |
| 10:03 | Construir | Farm |
| 10:04 | Construir | Farm |
| 10:05 | Crear | Villager (Male) |
| 10:09 | Construir | Palisade Wall |
| 10:10 | Construir | Palisade Wall |
| 10:10 | Construir | Palisade Wall |
| 10:11 | Construir | Palisade Wall |
| 10:13 | Construir | Palisade Wall |
| 10:14 | Construir | Palisade Wall |
| 10:14 | Construir | Palisade Wall |
| 10:16 | Construir | Palisade Wall |
| 10:27 | Crear | Villager (Male) |
| 10:27 | Crear | Villager (Male) |
| 10:51 | Crear | Villager (Male) |
| 10:52 | Crear | Villager (Male) |
| 11:00 | Construir | House |
| 11:05 | Construir | Blacksmith |
| 11:12 | Crear | Villager (Male) |
| 11:41 | Investigar | Long Swordsman (upgrade) |
| 11:42 | Investigar | Long Swordsman (upgrade) |
| 11:59 | Crear | Villager (Male) |
| 11:59 | Crear | Villager (Male) |
| 12:05 | Construir | House |
| 12:06 | Construir | House |
| 12:14 | Crear | Villager (Male) |
| 12:15 | Crear | Villager (Male) |
| 12:15 | Crear | Villager (Male) |
| 12:20 | Crear | Villager (Male) |
| 12:32 | Construir | Archery Range |
| 12:34 | Construir | Palisade Wall |
| 12:46 | Crear | Villager (Male) |
| 13:02 | Investigar | Scale Mail Armor |
| 13:02 | Investigar | Scale Mail Armor |
| 13:15 | Crear | Militia |
| 13:15 | Crear | Militia |
| 13:36 | Crear | Militia |
| 13:36 | Crear | Villager (Male) |
| 13:52 | Crear | Villager (Male) |
| 13:53 | Crear | Villager (Male) |
| 13:55 | Construir | Barracks |
| 14:14 | Crear | Militia |
| 14:14 | Crear | Militia |
| 14:17 | Investigar | Forging |
| 14:18 | Investigar | Forging |
| 14:26 | Construir | Mule Cart |
| 14:35 | Crear | Militia |
| 14:35 | Crear | Militia |
| 14:40 | Construir | Farm |
| 14:57 | Crear | Villager (Male) |
| 15:01 | Crear | Militia |
| 15:01 | Crear | Militia |
| 15:07 | Construir | Farm |
| 15:08 | Construir | Farm |
| 15:09 | Crear | Villager (Male) |
| 15:09 | Crear | Villager (Male) |
| 15:16 | Construir | House |
| 15:17 | Construir | House |
| 15:31 | Crear | Militia |
| 15:32 | Crear | Militia |
| 15:32 | Crear | Villager (Male) |
| 15:40 | Crear | Villager (Male) |
| 15:42 | Construir | Farm |
| 15:51 | Crear | Militia |
| 15:51 | Crear | Militia |
| 16:06 | Crear | Militia |
| 16:18 | Crear | Villager (Male) |
| 16:26 | Construir | Farm |
| 16:27 | Crear | Villager (Male) |
| 16:29 | Construir | Farm |
| 16:30 | Construir | Farm |
| 16:52 | Crear | Villager (Male) |
Build order — 207
76 acciones detectadas en el replay
| 0:02 | Construir | House |
| 0:04 | Construir | House |
| 0:09 | Crear | Villager (Male) |
| 0:09 | Crear | Villager (Male) |
| 0:10 | Crear | Villager (Male) |
| 0:10 | Crear | Villager (Male) |
| 0:10 | Crear | Villager (Male) |
| 1:42 | Crear | Villager (Male) |
| 1:42 | Crear | Villager (Male) |
| 1:59 | Crear | Villager (Male) |
| 2:04 | Construir | Lumber Camp |
| 2:31 | Crear | Villager (Male) |
| 2:57 | Crear | Villager (Male) |
| 3:22 | Crear | Villager (Male) |
| 3:40 | Crear | Villager (Male) |
| 4:06 | Construir | House |
| 4:13 | Crear | Villager (Male) |
| 4:15 | Crear | Villager (Male) |
| 4:35 | Crear | Villager (Male) |
| 4:41 | Construir | House |
| 4:53 | Construir | Mining Camp |
| 5:06 | Crear | Villager (Male) |
| 5:07 | Crear | Villager (Male) |
| 5:11 | Construir | House |
| 5:13 | Construir | Palisade Wall |
| 5:52 | Construir | Donjon |
| 5:54 | Crear | Villager (Male) |
| 6:13 | Crear | Villager (Male) |
| 6:48 | Investigar | Loom |
| 7:20 | Construir | Mining Camp |
| 7:28 | Investigar | Feudal Age |
| 8:04 | Construir | Palisade Wall |
| 8:06 | Construir | Palisade Wall |
| 8:41 | Construir | House |
| 8:46 | Construir | Palisade Gate |
| 8:47 | Construir | Palisade Wall |
| 8:49 | Construir | Palisade Wall |
| 9:02 | Construir | Palisade Wall |
| 9:30 | Construir | Donjon |
| 9:38 | Edad | Edad Feudal |
| 9:47 | Crear | Villager (Male) |
| 9:47 | Crear | Villager (Male) |
| 9:47 | Crear | Villager (Male) |
| 10:07 | Construir | Palisade Wall |
| 10:09 | Construir | Palisade Wall |
| 10:30 | Crear | Villager (Male) |
| 10:51 | Construir | Mill |
| 11:03 | Crear | Villager (Male) |
| 11:10 | Construir | Palisade Wall |
| 11:18 | Crear | Villager (Male) |
| 11:30 | Crear | Serjeant |
| 11:30 | Crear | Serjeant |
| 11:43 | Investigar | Double-Bit Axe |
| 12:05 | Construir | Mining Camp |
| 12:32 | Crear | Villager (Male) |
| 12:32 | Crear | Villager (Male) |
| 12:54 | Construir | Donjon |
| 12:58 | Crear | Serjeant |
| 13:21 | Crear | Serjeant |
| 13:32 | Crear | Serjeant |
| 13:58 | Crear | Serjeant |
| 14:19 | Construir | Farm |
| 14:20 | Construir | Farm |
| 14:20 | Construir | Farm |
| 14:20 | Construir | Farm |
| 14:20 | Construir | Farm |
| 14:20 | Construir | Farm |
| 14:21 | Construir | Farm |
| 14:35 | Construir | Donjon |
| 14:55 | Crear | Villager (Male) |
| 15:11 | Construir | Mill |
| 15:13 | Crear | Serjeant |
| 15:34 | Crear | Serjeant |
| 16:10 | Crear | Villager (Male) |
| 16:13 | Construir | Blacksmith |
| 16:45 | Construir | Farm |
Cronología de la partida
| 4:28 | YTPRO · first_building Barracks |
| 5:13 | 207 · wall_segment Palisade Wall x1 |
| 5:52 | 207 · first_building Donjon |
| 6:45 | YTPRO · wall_segment Palisade Wall x1 |
| 6:47 | YTPRO · wall_segment Palisade Wall x1 |
| 6:48 | YTPRO · wall_segment Palisade Wall x1 |
| 6:49 | YTPRO · wall_segment Palisade Wall x1 |
| 6:49 | YTPRO · wall_segment Palisade Wall x1 |
| 8:04 | 207 · wall_segment Palisade Wall x1 |
| 8:06 | 207 · wall_segment Palisade Wall x1 |
| 8:47 | 207 · wall_segment Palisade Wall x3 |
| 8:49 | 207 · wall_segment Palisade Wall x2 |
| 9:02 | 207 · wall_segment Palisade Wall x1 |
| 9:17 | YTPRO · age_up feudal |
| 9:38 | 207 · age_up feudal |
| 10:07 | 207 · wall_segment Palisade Wall x1 |
| 10:09 | 207 · wall_segment Palisade Wall x1 |
| 10:09 | YTPRO · wall_segment Palisade Wall x1 |
| 10:10 | YTPRO · wall_segment Palisade Wall x1 |
| 10:10 | YTPRO · wall_segment Palisade Wall x1 |
| 10:11 | YTPRO · wall_segment Palisade Wall x1 |
| 10:13 | YTPRO · wall_segment Palisade Wall x1 |
| 10:14 | YTPRO · wall_segment Palisade Wall x1 |
| 10:14 | YTPRO · wall_segment Palisade Wall x1 |
| 10:16 | YTPRO · wall_segment Palisade Wall x1 |
| 11:10 | 207 · wall_segment Palisade Wall x1 |
| 12:32 | YTPRO · first_building Archery Range |
| 12:34 | YTPRO · wall_segment Palisade Wall x1 |
| 16:54 | 207 · resign |
[ ANÁLISIS IA · 1 CRÉDITO ]
¿Qué pasó realmente en esta partida?
Wolo.gg analiza cada decisión: build order, eco, micro, errores típicos por bracket. Análisis personalizado por WhatsApp o Discord en 30 segundos.
Guía civ
Armenios
Perfil
Jugador #25223239